 Dungeon Crawl Stone Soup version 0.16-a0-3485-gba28155 (console) character file.

147 Hector the Chopper (level 5, -11/41 HPs)
             Began as a Mummy Chaos Knight on Jan 3, 2015.
             Was a Plaything of Xom.
             Mangled by Sigmund
             ... wielding a +0 scythe
              (14 damage)
             ... on level 2 of the Dungeon.
             The game lasted 00:06:35 (2052 turns).

Hector the Chopper (Mummy Chaos Knight)             Turns: 2052, Time: 00:06:35

Health: -11/41     AC:  6    Str: 15    XL:     5   Next: 7%
Magic:  5/5        EV: 11    Int: 12    God:    Xom [.*....]
Gold:   98         SH:  0    Dex: 11    Spells: 0 memorised, 4 levels left

rFire  x . .     SeeInvis .     a - +0 hand axe (chaos)
rCold  + . .     Clarity  .     b - +2 leather armour
rNeg   + + +     SustAb   .     (no shield)
rPois  ∞         Gourm    .     (no helmet)
rElec  .         Spirit   .     (no cloak)
rCorr  .         Warding  .     (no gloves)
rMut   .         Stasis   .     o - +0 pair of boots
MR     .....                    (no amulet)
Stlth  +.........               (no ring)
                                (no ring)

@: not resistant to hostile enchantments, very unstealthy
A: no food or potions, fire vulnerability, restore body, cold resistance 1,
negative energy resistance 3, poison resistance, torment resistance, unbreathing
a: Renounce Religion


You were on level 2 of the Dungeon.
You worshipped Xom.
You were a plaything of Xom.
You were not hungry.

You visited 1 branch of the dungeon, and saw 4 of its levels.

You collected 98 gold pieces.

Inventory:

Hand weapons
 a - a +0 hand axe of chaos (weapon)
Missiles
 c - 49 stones (quivered)
Armour
 b - a +2 leather armour (worn)
 f - a +2 ring mail of fire resistance
 o - a +0 pair of boots (worn)
Jewellery
 k - an uncursed amulet of rage
Scrolls
 e - 4 scrolls of identify {unknown}
 g - a scroll of immolation {unknown}
 h - a scroll of remove curse {unknown}
 j - 3 scrolls of enchant weapon {unknown}
 m - a scroll of recharging {unknown}
 p - a scroll of teleportation {unknown}
Potions
 d - 2 potions of mutation {unknown}
 i - 2 potions of ambrosia {unknown}
 l - 2 potions of curing {unknown}
 n - a potion of heal wounds {unknown}
 q - a potion of restore abilities {unknown}


   Skills:
 - Level 3.4 Fighting
 + Level 4.5 Axes
 - Level 1.5 Armour
 - Level 0.7 Dodging
 - Level 0.1 Stealth


You had 4 spell levels left.
You didn't know any spells.

Dungeon Overview and Level Annotations

Branches:
Dungeon (4/15)
 Temple: D:4-7

Altars:
Elyvilon
Yredelemnul

Annotations:
D:2 Sigmund
D:4 Phlounder's ghost, average OpMo


Innate Abilities, Weirdness & Mutations

You do not eat or drink.
Your flesh is vulnerable to fire.
Your flesh is cold resistant.
You are immune to negative energy.
Your system is resistant to poisons.
You are immune to unholy pain and torment.
You can survive without breathing.


Message History

You hear some strange, mumbled words.
The magic dart hits you!
You barely miss something.
You hear some strange, mumbled words.
The magic dart hits you!
* * * LOW HITPOINT WARNING * * *
You hit something. You burn something. Something hits you but does no damage.
You hit something.
Nothing appears to happen.
You slash something! You freeze something. Something hits you.
* * * LOW HITPOINT WARNING * * *
You hit something but do no damage. You barely miss something.
You hear some strange, mumbled words.
The magic dart hits you!
* * * LOW HITPOINT WARNING * * *
You slash something! Something hits you.
* * * LOW HITPOINT WARNING * * *
You miss something. Something hits you!
You die...
Xom cackles wildly!

....### ......#
### #.#.#.#######
#.. #.#.#....>..#
#.# #.#.#######.#
#.# #.#.# #.#.##.#
..#.# #.#.##.#
###.#######.#.##{#
# #.........#.##@#
# ##.....#..#.##.#
####.....#..#.##.#
.........#..#.##.#
####.....#..#.##.#
####.....#.....†.#
....##.######.#.##
###.........†.#.#
# ###.#........##


There were no monsters in sight!

Vanquished Creatures
  An orc wizard (D:3)
  Natasha (twice) (D:3)
  3 adders (D:2)
  A worm (D:2)
  2 giant geckos (D:1)
  An ooze (D:3)
  An orc (D:3)
  8 bats
  4 goblins
  6 hobgoblins
  8 jackals
  5 kobolds
  A ball python (D:1)
  2 giant cockroaches (D:1)
  3 giant newts
  A quokka skeleton (D:3)
  9 rats
58 creatures vanquished.

Notes
Turn   | Place    | Note
--------------------------------------------------------------
     0 | D:1      | Hector, the Mummy Chaos Knight, began the quest for the Orb.
     0 | D:1      | Reached XP level 1. HP: 18/18 MP: 1/1
    35 | D:1      | XOM: harmless Divn miscast
    70 | D:1      | XOM: potion effect (invisibility)
   145 | D:1      | Reached XP level 2. HP: 24/24 MP: 2/2
   281 | D:1      | XOM: silly message
   304 | D:1      | XOM: silly message
   576 | D:1      | Reached XP level 3. HP: 29/29 MP: 3/3
   652 | D:2      | XOM: harmless Chrm miscast
   663 | D:2      | XOM: divination: detect creatures
   851 | D:2      | XOM: medium Pois miscast
   891 | D:2      | You fall through a shaft for 2 floors!
   904 | D:4      | Noticed Phlounder's ghost (average OpMo)
   922 | D:4      | XOM: divination: magic mapping
   927 | D:4      | XOM: confuse monster(s)
  1003 | D:3      | XOM: silly message
  1053 | D:3      | Found a white marble altar of Elyvilon.
  1053 | D:3      | Found a basalt altar of Yredelemnul.
  1109 | D:3      | Noticed Natasha
  1127 | D:3      | XOM: blink monster(s)
  1128 | D:3      | Killed Natasha
  1128 | D:3      | Reached XP level 4. HP: 14/35 MP: 4/4
  1323 | D:3      | Reached skill level 4 in Axes
  1383 | D:3      | XOM: colour smoke trail
  1569 | D:3      | Noticed Natasha
  1572 | D:3      | Killed Natasha
  1727 | D:2      | XOM: harmless Trmt miscast
  1753 | D:2      | XOM: medium Necr miscast
  2022 | D:2      | Reached XP level 5. HP: 41/41 MP: 5/5
  2031 | D:2      | Noticed Sigmund
  2052 | D:2      | Mangled by Sigmund

Action                   |  1- 3 |  4- 6 || total
-------------------------+-------+-------++-------
Melee: Hand axe          |   144 |    88 ||   232
 Stab: Sleeping          |     4 |       ||     4
       Invisible         |     2 |       ||     2
       Petrifying        |     1 |       ||     1
       Confused          |       |     2 ||     2
